Map: Lock & Load

Players

wasp

  • Race: Protoss Protoss

larsgj

  • Race: Terran Terran

VOD

Have the link to the VOD?

Description

Time

  • Played on: Nov. 7, 2018, 12:53 p.m.
  • Length: 16:09
Show
View Real Time Build Order
Export as new Build Order

wasp Protoss 

Build Orders:  

Get SALT Encoding   

    0:00  Probe x12 (Chrono Boost)  
    0:09  Unknown x2  
  12  0:26  Pylon  
  12  0:45  Pylon  
  12  1:00  Pylon  
  12  1:15  Forge  
  12  1:35  Gateway  
  12  2:45  Zealot  
  14  3:31  Nexus  
  14  3:46  Cybernetics Core  
  14  3:55  Assimilator  
  14  4:05  Assimilator  
  14  4:36  Zealot x3  
  12  5:43  Probe (Chrono Boost)  
  13  5:57  Probe (Chrono Boost)  
  13  5:59  Zealot  
  16  6:00  Zealot x2  
  20  6:11  Probe (Chrono Boost)  
  21  6:24  Probe (Chrono Boost)  
  22  6:38  Probe (Chrono Boost)  
  23  7:50  Zealot  
  23  7:51  Zealot x2  
  25  9:04  Zealot x2  
  29  9:29  Zealot  
  31  10:10  Twilight Council  
  31  10:41  Zealot x3  
  25  11:35  Zealot  
  25  11:38  Zealot  
  25  12:07  Zealot  
  19  13:35  Zealot x2  
  21  13:53  Zealot  
  16  15:14  Zealot  
  16  15:15  Zealot x2  
  21  15:57  Zealot  
Show
View Real Time Build Order
Export as new Build Order

larsgj Terran 

Build Orders:  

Get SALT Encoding   

    0:00  Orbital Command, SCV x12  
    0:09  Unknown  
  12  0:13  SCV  
  13  0:29  Supply Depot  
  13  0:55  SCV  
  14  1:09  Barracks  
  14  1:12  SCV  
  15  1:25  Supply Depot  
  15  1:28  SCV  
  16  1:38  Refinery  
  16  1:45  SCV  
  16  1:47  Refinery  
  17  1:58  Marine  
  17  1:59  Supply Depot  
  18  2:36  Marine  
  19  2:46  Marine  
  20  2:57  Marine, Factory  
  21  3:05  SCV  
  21  3:07  Marine  
  22  3:17  Marine  
  23  3:27  Marine, SCV  
  25  3:37  Marine  
  26  3:44  SCV  
  26  3:47  Marine  
  29  4:01  SCV  
  30  4:10  Starport  
  30  4:18  SCV  
  31  4:35  SCV  
  32  4:52  SCV  
  33  5:09  SCV, Starport Tech Lab  
  34  5:18  Armory  
  34  5:22  Engineering Bay  
  34  5:26  SCV  
  35  5:33  Fusion Core  
  35  5:42  Supply Depot  
  35  5:43  SCV  
  36  6:00  SCV  
  37  6:17  SCV  
  38  6:37  Marine  
  38  6:46  Battlecruiser  
  38  6:48  Marine  
  45  6:58  Marine  
  47  7:22  Marine, Supply Depot  
  47  7:26  Supply Depot  
  48  7:30  Supply Depot x2  
  48  7:33  Marine  
  49  8:04  Command Center  
  49  8:35  Bunker  
  48  9:09  Bunker  
  46  9:43  Bunker  
  46  9:50  SCV  
  46  9:52  Refinery  
  47  10:07  SCV  
  48  10:17  Bunker  
  48  10:18  Weapon Refit  
  48  10:21  Orbital Command  
  48  10:24  SCV  
  49  10:41  SCV  
  50  10:51  Bunker  
  50  10:58  SCV  
  51  11:12  Marine  
  52  11:22  Marine  
  53  11:34  Missile Turret  
  52  11:55  Barracks Tech Lab  
  51  12:05  Missile Turret  
  45  12:27  Marine  
  45  12:35  Missile Turret  
  45  12:37  Marine  
  46  12:47  Marine  
  47  12:58  Marine  
  48  13:03  Missile Turret  
  48  13:08  Marine  
  49  13:18  Medic  
  50  13:23  Starport  
  50  13:28  Medic  
  52  13:32  Missile Turret  
  52  13:38  Marine  
  53  13:49  Marine  
  54  13:59  Marine  
  55  14:09  Marine  
  56  14:19  Marine  
  57  14:27  Barracks  
  57  14:29  Marine  
  58  14:39  Marine  
  57  14:50  Marine  
  57  15:07  Battlecruiser, Starport Tech Lab  
  61  15:19  Barracks Tech Lab  
Tags
 
Commander
ArtanisRaynor
Matchup
Co-op
Replay Pack
Multiplayer
Add a new tag
Caveats
  • Supply blocks, unpowered buildings, or Contaminate may cause inaccurate times.
  • Supply counts are checked every 10 seconds.